 Dungeon Crawl Stone Soup version 0.23.0 (webtiles) character file.

Game seed: 11680372532176515371

52961 Borgoz the Fighter (level 14, -10/92 HPs)
             Began as a Gargoyle Abyssal Knight on Feb 9, 2019.
             Was the Champion of Lugonu.
             Mangled by a manticore (14 damage)
             ... summoned by Kirke
             ... on level 4 of the Lair of Beasts.
             The game lasted 00:59:43 (24582 turns).

Borgoz the Fighter (Gargoyle Abyssal Knight)       Turns: 24582, Time: 00:59:44

Health: -10/92     AC:  0    Str: 16    XL:     14   Next: 66%
Magic:  7/21       EV: 20    Int: 14    God:    Lugonu [******]
Gold:   1540       SH:  0    Dex: 13    Spells: 17/22 levels left

rFire    . . .     SeeInvis .   (weapon currently unavailable)
rCold    . . .     Gourm    .   (shield currently unavailable)
rNeg     + . .     Faith    .   (armour currently unavailable)
rPois    ∞         Spirit   .   (helmet currently unavailable)
rElec    .         Reflect  .   (cloak currently unavailable)
rCorr    .         Harm     .   (gloves currently unavailable)
MR       +....                  (boots currently unavailable)
Stlth    +.........             (no amulet)
HPRegen  0.25/turn              (ring currently unavailable)
MPRegen  0.17/turn              (ring currently unavailable)

@: pig-form, slowed
A: small, negative energy resistance 1, petrification resistance, rot immunity,
AC +10
a: Depart the Abyss, Bend Space, Banish, Corrupt, Enter the Abyss, Brand Weapon
With Distortion, Renounce Religion


You were on level 4 of the Lair of Beasts.
You worshipped Lugonu.
Lugonu was exalted by your worship.
You were hungry.
You were a filthy swine.
You visited 3 branches of the dungeon, and saw 19 of its levels.
You visited the Abyss 1 time.
You also visited: Sewer and Ice Cave.

You collected 1540 gold pieces.

Inventory:

Hand Weapons
 a - a +3 battleaxe of flaming (melded)
 b - a +4 blowgun
 t - the +11 quick blade "Hojuasil" {drain, rElec MR+ Str+5, unknown}
   (You found it on level 6 of the Lair of Beasts)

   A truly terrible weapon, it drains the life of those it strikes.
   It affects your strength (+5).
   It insulates you from electricity.
   It affects your resistance to hostile enchantments.
Missiles
 k - 8 curare-tipped needles
 q - 4 throwing nets (quivered)
 A - 41 poisoned needles
Armour
 E - a +0 crystal plate armour (melded)
 P - a scarf of spirit shield (melded)
Jewellery
 l - an uncursed ring of protection from cold
 s - an uncursed ring of ice {unknown}
 G - a ring of resist corrosion (melded)
 I - a ring of protection from fire (melded)
 J - an uncursed ring of protection from cold
Wands
 f - a wand of paralysis (4)
 g - a wand of iceblast (14)
 u - a wand of clouds (7)
 v - a wand of flame (44)
Scrolls
 i - 3 scrolls of blinking
 j - 18 scrolls of remove curse
 m - 7 scrolls of teleportation
 n - a scroll of silence
 o - a scroll of amnesia
 M - a scroll of fear
 U - a scroll of magic mapping
 X - 3 scrolls of enchant weapon
Potions
 e - a potion of agility
 p - a potion of brilliance
 r - a potion of mutation
 x - a potion of haste
 D - 3 potions of resistance
 K - a potion of cancellation
 S - 2 potions of curing
Miscellaneous
 w - a crystal ball of energy
Comestibles
 c - 14 rations


   Skills:
 + Level 12.0 Fighting
 + Level 8.3(9.3) Axes
   Level 7.2(9.3) Maces & Flails
 + Level 11.9 Armour
 + Level 9.2 Dodging
 - Level 4.8 Spellcasting
 - Level 4.8 Charms
 - Level 4.2 Necromancy
 - Level 10.5 Invocations


You had 17 spell levels left.
You knew the following spells:

 Your Spells              Type           Power        Failure   Level  Hunger
a - Regeneration          Chrm/Necr      ###.......   9%          3    ###....
b - Blink                 Tloc           N/A          26%         2    ##.....

Your spell library contained the following spells:

 Spells                   Type           Power        Failure   Level  Hunger
 Animate Skeleton         Necr           N/A          3%          1    None
 Pain                     Necr           ###.         3%          1    None
 Vampiric Draining        Necr           ###.......   10%         3    ###....
 Apportation              Tloc           #.....       19%         1    None
 Confusing Touch          Hex            #.....       19%         1    None
 Corona                   Hex            #......      19%         1    None
 Flame Tongue             Conj/Fire      #....        19%         1    None
 Magic Dart               Conj           #...         19%         1    None
 Summon Small Mammal      Summ           #...         19%         1    None
 Call Imp                 Summ           #.......     26%         2    ##.....
 Ensorcelled Hibernation  Hex/Ice        #.....       26%         2    ##.....
 Poisonous Vapours        Pois/Air       #.....       26%         2    ##.....
 Slow                     Hex            #.......     26%         2    ##.....
 Throw Flame              Conj/Fire      #.....       26%         2    ##.....
 Animate Dead             Necr           N/A          30%         4    ####...
 Confuse                  Hex            #.......     47%         3    ###....
 Conjure Flame            Conj/Fire      #.......     47%         3    ###....
 Dazzling Spray           Conj/Hex       #.....       47%         3    ###....
 Gell's Gravitas          Tloc           #.........   47%         3    ###....
 Ignite Poison            Fire/Tmut/Pois #.......     47%         3    ###....
 Inner Flame              Hex/Fire       #.......     47%         3    ###....
 Mephitic Cloud           Conj/Pois/Air  #.......     47%         3    ###....
 Tukima's Dance           Hex            #.......     47%         3    ###....
 Petrify                  Tmut/Erth      #.......     87%         4    ####...
 Sticky Flame             Conj/Fire      #.......     87%         4    ####...
 Fireball                 Conj/Fire      #.........   99%         5    ######.
 Metabolic Englaciation   Hex/Ice        #.........   99%         5    ######.
 Yara's Violent Unravell  Hex/Tmut       #.........   99%         5    ######.
 Bolt of Fire             Conj/Fire      #.........   100%        6    #######
 Freezing Cloud           Conj/Ice/Air   #.........   100%        6    #######
 Ring of Flames           Chrm/Fire      ##........   100%        7    #######
 Ignition                 Fire           #.........   100%        8    #######


Dungeon Overview and Level Annotations

Branches:
Dungeon (12/15)            Temple (1/1) D:4            Lair (6/6) D:11
 Shoals (0/4) Lair:2        Snake (0/4) Lair:3        Slime (0/5) Lair:6
    Orc (0/2) D:10

Altars:
Ashenzari
Cheibriados
Dithmenos
Elyvilon
Fedhas
Gozag
Hepliaklqana
Kikubaaqudgha
Makhleb
Nemelex Xobeh
Okawaru
Qazlal
Ru
Sif Muna
Trog
Uskayaw
Vehumet
Wu Jian
Xom
Yredelemnul
Zin
The Shining One

Annotations:
D:11 1 runed translucent door
Lair:4 Kirke


Innate Abilities, Weirdness & Mutations

You are resistant to torment.
((Your stone body is resilient. (AC +10)))
You are immune to poison.
((Your large and strong wings let you fly indefinitely.))
You resist negative energy. (rN+)
((You are resistant to electric shocks. (rElec)))
((You can survive without breathing.))
You are immune to petrification.
You are immune to rotting.


Message History

You hit something.
You hear some strange, mumbled words.
Something summons a manticore!
The manticore bites you!
* * * LOW HITPOINT WARNING * * *
The manticore claws you.
* * * LOW HITPOINT WARNING * * *
The manticore closely misses you.
You feel much better. Something completely misses you.
The manticore misses you. The manticore closely misses you.
The manticore claws you!
* * * LOW HITPOINT WARNING * * *
Something hits you!
* * * LOW HITPOINT WARNING * * *
Unknown command.
You feel better. The manticore misses you. The manticore claws you!
* * * LOW HITPOINT WARNING * * *
The manticore closely misses you. Something hits you!
* * * LOW HITPOINT WARNING * * *
The manticore closely misses you. The manticore claws you!
You die...

........PP##..#.##.# ###..
..........###..##..## #....
...........#.#..#...# ##...
....................## #...
............##.......#### ###.
.............###......#.### #####
............###...........###..##
............####H{H###..........#
.............###h..####.#........
.............#....##...######.#..
.............###...#..## #.#.##
.[..........## #.......### ######
............P###.........###
##.........###.............#
#........####.............###
###.#.....###.........<......## #
####P###.##.................##


You could see 2 manticores.

Vanquished Creatures
  The ghost of Oluanan the Fighter, a journeyman DsFi of Hepliaklqana (Lair:3)
  6 hydras
  A catoblepas (Lair:6)
  2 two-headed ogres
  7 death yaks
  A deep troll shaman (Lair:6)
  Sonja (Lair:6)
  2 unseen horrors
  3 oklob plants (Lair:6)
  2 ugly things
  5 black mambas
  17 elephants
  A centaur zombie (D:11)
  3 ice statues (IceCv)
  11 spiny frogs
  3 rime drakes
  11 komodo dragons
  3 trolls
  2 polar bears (Lair:6)
  14 blink frogs
  9 hippogriffs
  A snapping turtle (Lair:2)
  A wyvern (D:9)
  6 hogs (Lair:4)
  Eustachio (D:4)
  34 yaks
  2 hungry ghosts
  7 water moccasins
  A naga (Lair:3)
  7 porcupines
  Purgy (Sewer)
  11 ice beasts
  3 sky beasts
  12 orc warriors
  2 phantoms (D:5)
  A necrophage (D:5)
  6 ogres
  12 centaurs
  6 wolves (Lair:6)
  10 crocodiles
  11 bullfrogs
  2 wyvern zombies
  A wyvern skeleton (D:11)
  A water moccasin zombie (D:7)
  2 scorpions
  8 wights
  17 killer bees
  2 electric eels (Lair:2)
  2 crimson imps
  2 bullfrog zombies
  A quasit (D:9)
  3 hounds
  3 jellies
  5 orc priests
  12 orc wizards
  A bullfrog skeleton (D:4)
  7 iguanas
  4 worker ants
  A hound zombie (D:7)
  A worker ant zombie (D:11)
  15 adders
  6 gnolls
  2 shadow imps (D:5)
  A white imp (Abyss:3)
  2 oozes (D:1)
  2 adder skeletons (D:7)
  A worm (D:2)
  4 dart slugs
  4 leopard geckos
  78 orcs
  5 ball pythons
  10 bats
  6 giant cockroaches
  10 goblins
  13 hobgoblins
  24 jackals
  6 quokkas
  9 frilled lizards
  16 kobolds
  A leopard gecko skeleton (D:6)
  A quokka zombie (D:7)
  8 rats
  A spectral orc (D:7)
  5 fungi
  5 plants
550 creatures vanquished.

Vanquished Creatures (others)
  4 killer bees (D:9)
  An iguana (D:9)
  An orc wizard (D:9)
  A hound skeleton (D:9)
  A quokka (D:9)
  A fungus (Lair:6)
  8 plants (Lair:6)
17 creatures vanquished.

Grand Total: 567 creatures vanquished

Notes
Turn   | Place    | Note
-------+----------+-------------------------------------------
     0 | Abyss:1  | Borgoz the Gargoyle Abyssal Knight began the quest for the
                  | Orb.
     0 | Abyss:1  | Reached XP level 1. HP: 14/14 MP: 2/2
    42 | Abyss:1  | Noticed a rust devil
    66 | Abyss:2  | Found a corrupted altar of Lugonu.
    87 | Abyss:3  | Found a corrupted altar of Lugonu.
   116 | Abyss:3  | Found a corrupted altar of Lugonu.
   177 | Abyss:3  | Reached skill level 1 in Dodging
   177 | Abyss:3  | Reached XP level 2. HP: 15/19 MP: 3/3
   192 | Abyss:3  | Noticed an apocalypse crab
   193 | Abyss:3  | Noticed a blink frog
   194 | D:1      | Escaped the Abyss
   244 | D:1      | Reached * piety under Lugonu
   272 | D:1      | Reached XP level 3. HP: 18/23 MP: 4/4
   441 | D:1      | Found a shadowy altar of Dithmenos.
   748 | D:2      | Reached XP level 4. HP: 29/29 MP: 5/5
   832 | D:2      | Reached ** piety under Lugonu
  1041 | D:2      | You fall through a shaft for 2 floors!
  1041 | D:4      | Found a burning altar of Makhleb.
  1110 | D:4      | Reached skill level 4 in Fighting
  1110 | D:4      | Reached XP level 5. HP: 20/33 MP: 7/7
  1472 | D:4      | Found an opulent altar of Gozag.
  1492 | D:4      | Reached XP level 6. HP: 32/38 MP: 8/8
  1605 | D:4      | Noticed Eustachio
  2098 | D:3      | Found a glowing drain.
  2105 | D:3      | Reached *** piety under Lugonu
  2136 | Sewer    | Entered a sewer
  2204 | Sewer    | Noticed Purgy
  2247 | Sewer    | Killed Purgy
  2437 | D:3      | Noticed an ice beast
  2457 | D:3      | Killed an ice beast
  2457 | D:3      | Reached XP level 7. HP: 44/44 MP: 8/10
  2523 | D:3      | Found a sacrificial altar of Ru.
  2623 | D:3      | Found an ornate altar of the Wu Jian Council.
  3135 | D:4      | Found a radiant altar of Vehumet.
  3191 | D:4      | Killed Eustachio
  3191 | D:4      | Reached skill level 5 in Fighting
  3331 | D:4      | Found a staircase to the Ecumenical Temple.
  3337 | Temple   | Entered the Ecumenical Temple
  3499 | D:5      | Entered Level 5 of the Dungeon
  3676 | D:5      | Reached XP level 8. HP: 43/49 MP: 11/11
  3754 | D:5      | Reached **** piety under Lugonu
  3775 | D:5      | Found a snail-covered altar of Cheibriados.
  3967 | D:5      | Reached skill level 5 in Armour
  3967 | D:5      | Reached skill level 5 in Invocations
  4536 | D:5      | HP: 1/51 [orc warrior/+0 long sword (11)]
  4885 | D:5      | Reached skill level 6 in Fighting
  4885 | D:5      | Reached skill level 5 in Maces & Flails
  4928 | D:6      | Found a radiant altar of Vehumet.
  5080 | D:6      | Found a white marble altar of Elyvilon.
  5438 | D:6      | Found a snail-covered altar of Cheibriados.
  5735 | D:7      | Reached XP level 9. HP: 55/56 MP: 13/13
  5844 | D:7      | Found a basalt altar of Yredelemnul.
  7211 | D:9      | Reached skill level 7 in Fighting
  7863 | D:9      | Found a snail-covered altar of Cheibriados.
  7890 | D:9      | Noticed a troll
  7909 | D:9      | Killed a troll
  7909 | D:9      | Reached skill level 5 in Dodging
  7909 | D:9      | Reached XP level 10. HP: 22/63 MP: 3/15
  8196 | D:9      | Reached skill level 1 in Axes
  8197 | D:9      | Reached ***** piety under Lugonu
  8645 | D:9      | Found a shimmering altar of Xom.
  8715 | D:9      | Noticed a two-headed ogre
  8723 | D:9      | Killed a two-headed ogre
  8845 | D:9      | Reached skill level 8 in Fighting
  8868 | D:9      | Found a shimmering altar of Xom.
  9147 | D:9      | Killed an unseen horror
  9320 | D:10     | Entered Level 10 of the Dungeon
 10155 | D:10     | Found a staircase to the Orcish Mines.
 10307 | D:10     | Reached XP level 11. HP: 51/69 MP: 14/17
 10325 | D:10     | Noticed a two-headed ogre
 10335 | D:10     | Killed a two-headed ogre
 11098 | D:11     | Reached skill level 9 in Fighting
 11364 | D:11     | Learned a level 3 spell: Regeneration
 11367 | D:11     | Learned a level 2 spell: Blink
 12383 | D:8      | Found a shadowy altar of Dithmenos.
 12489 | D:8      | Killed an unseen horror
 12489 | D:8      | Reached skill level 1 in Spellcasting
 12489 | D:8      | Reached skill level 1 in Charms
 12489 | D:8      | Reached skill level 1 in Necromancy
 12555 | D:8      | Found a shattered altar of Ashenzari.
 12687 | D:8      | Reached ****** piety under Lugonu
 13517 | D:11     | Noticed an eight-headed hydra
 13529 | D:11     | Killed a four-headed hydra
 13878 | D:11     | Noticed a white ugly thing
 13890 | D:11     | Killed a white ugly thing
 13890 | D:11     | Reached XP level 12. HP: 61/76 MP: 14/18
 13963 | D:11     | Reached skill level 5 in Axes
 14174 | D:11     | Found a staircase to the Lair.
 14188 | D:11     | Got a bloodstained robe
 14195 | D:11     | Found a runed translucent door.
 14202 | Lair:1   | Entered Level 1 of the Lair of Beasts
 14218 | Lair:1   | Found a frozen archway.
 14253 | IceCv    | Entered an ice cave
 14959 | IceCv    | Got a transparent lead ring
 14994 | Lair:1   | Identified the cursed ring "Ilavapn" {+Inv rF+ rN+ Dex-3}
                  | (You found it in an ice cave)
 15134 | Lair:1   | You fall through a shaft!
 15523 | Lair:2   | Reached skill level 10 in Fighting
 15972 | Lair:2   | Found a staircase to the Shoals.
 16625 | Lair:3   | Found a runed translucent door.
 16626 | Lair:3   | Noticed Oluanan's ghost (journeyman DsFi)
 16743 | Lair:3   | Found a staircase to the Snake Pit.
 16798 | Lair:3   | Reached skill level 10 in Invocations
 16798 | Lair:3   | Reached XP level 13. HP: 73/82 MP: 17/20
 16800 | Lair:3   | Reached skill level 10 in Armour
 17327 | Lair:1   | Identified the +0 robe of the Lost Path {rElec rC+} (You
                  | found it on level 11 of the Dungeon)
 18296 | Lair:3   | Killed Oluanan's ghost
 18558 | Lair:4   | Noticed Kirke
 20437 | Lair:4   | Reached skill level 11 in Fighting
 21471 | Lair:5   | Gained mutation: Your large and strong wings let you fly
                  | indefinitely. [Gargoyle growth]
 21471 | Lair:5   | Reached XP level 14. HP: 89/90 MP: 21/21
 21855 | Lair:6   | Entered Level 6 of the Lair of Beasts
 21855 | Lair:6   | Noticed Sonja
 21859 | Lair:6   | Paralysed by Sonja for 7 turns
 21920 | Lair:6   | Killed Sonja
 23550 | Lair:6   | Found a staircase to the Slime Pits.
 24019 | Lair:6   | Reached skill level 12 in Fighting
 24430 | Lair:6   | Got a pitted quick blade
 24534 | Lair:3   | Noticed a sphinx
 24536 | Lair:3   | Paralysed by a sphinx for 3 turns
 24543 | Lair:3   | Paralysed by a sphinx for 6 turns
 24559 | Lair:3   | Paralysed by a sphinx for 4 turns
 24582 | Lair:4   | HP: 4/92 [something (10)]
 24582 | Lair:4   | Mangled by a manticore

Skill      XL: |  1  2  3  4  5  6  7  8  9 10 11 12 13 14 |
---------------+-------------------------------------------+-----
Dodging        | 1 2 3 4 5 6 7 8 9 |  9.2
Armour         | 3 4 5 7 8 9 10 11 | 11.9
Fighting       | 4 5 6 7 8 9 10 11 12 | 12.0
Invocations    | 3 4 5 7 8 9 10 | 10.5
Maces & Flails | 3 4 5 6 7 |  7.2
Axes           | 3 4 5 7 8 |  8.3
Spellcasting   | 2 3 4 |  4.8
Charms         | 2 3 4 |  4.8
Necromancy     | 1 3 4 |  4.2

Action                   |  1- 3 |  4- 6 |  7- 9 | 10-12 | 13-15 || total
-------------------------+-------+-------+-------+-------+-------++-------
Melee: Mace              |    98 |   268 |   865 |       |       ||  1231
       Battleaxe         |       |       |    14 |  1006 |   623 ||  1643
       Unarmed           |       |       |       |       |     7 ||     7
Invok: Depart the Abyss  |     1 |       |       |       |       ||     1
       Banish            |       |       |       |     1 |       ||     1
Evoke: Wand              |       |       |     4 |     4 |       ||     8
  Use: Scroll            |       |     7 |     2 |    18 |     7 ||    34
       Potion            |       |     1 |     8 |     5 |    10 ||    24
 Stab: Invisible         |       |     5 |     2 |       |       ||     7
       Paralysed         |       |       |     1 |       |       ||     1
  Eat: Chunk             |       |     6 |    19 |    28 |    15 ||    68
       Ration            |       |       |       |     8 |     3 ||    11
Armor: Leather armour    |    44 |   101 |       |       |       ||   145
       Chain mail        |       |   125 |       |    53 |       ||   178
       Crystal plate arm |       |    21 |  1301 |  1560 |  1128 ||  4010
       Troll leather arm |       |     9 |       |       |       ||     9
       Skin              |       |       |       |    36 |       ||    36
Dodge: Dodged            |    54 |   258 |   129 |   302 |   288 ||  1031
